 Dungeon Crawl Stone Soup version 0.23.2-1-ga50397a (webtiles) character file.

Game seed: 11973637000190645052

30979 vatarom the Nimble (level 13, -6/95 HPs)
             Began as a Demonspawn Gladiator on Apr 30, 2019.
             Was a High Priest of Ru.
             Mangled by an entropy weaver (8 damage)
             ... on level 5 of the Lair of Beasts on May 3, 2019.
             The game lasted 00:45:32 (20939 turns).

vatarom the Nimble (Demonspawn Gladiator)          Turns: 20939, Time: 00:45:33

Health: -6/95      AC:  5    Str: 17    XL:     13   Next: 23%
Magic:  0/13       EV: 19    Int: 11    God:    Ru [*****.]
Gold:   914        SH:  0    Dex: 22    Spells: 12/12 levels left

rFire    + . .     SeeInvis .   r - +2 falchion (vamp)
rCold    . . .     Gourm    .   (no shield)
rNeg     . . .     Faith    .   E - +1 ring mail
rPois    .         Spirit   +   e - +0 helmet
rElec    .         Reflect  .   (no cloak)
rCorr    .         Harm     +   H - +2 pair of gloves
MR       .....                  F - +2 pair of boots
Stlth    +++.......             a - amulet of harm
HPRegen  0.25/turn              (no ring)
MPRegen  0.13/turn              f - ring of protection from fire

@: corroded, heavily drained
A: talons 1, thin skeletal structure 3, frail 1, powered by pain 1, magic
shield, inability to use devices, inability to train armour, no fire magic, no
hexes magic, no summoning magic
a: Draw Out Power, Power Leap, Apocalypse, Renounce Religion


You were on level 5 of the Lair of Beasts.
You worshipped Ru.
Ru was extremely pleased with you.
You were not hungry.

You visited 3 branches of the dungeon, and saw 17 of its levels.

You collected 914 gold pieces.

Inventory:

Hand Weapons
 r - a +2 vampiric falchion (weapon)
Missiles
 d - a throwing net (quivered) {!f}
Armour
 e - a +0 helmet (worn)
 E - a +1 ring mail (worn)
 F - a +2 pair of boots (worn)
 H - a +2 pair of gloves (worn)
Jewellery
 a - an amulet of harm (around neck)
 f - a ring of protection from fire (right hand)
 n - an uncursed ring of positive energy
 s - an uncursed ring of stealth
Scrolls
 b - 2 scrolls of immolation
 c - 2 scrolls of enchant armour
 i - 2 scrolls of magic mapping
 j - 2 scrolls of blinking {@r4}
 k - 8 scrolls of remove curse {@r2}
 l - a scroll of identify {@r1}
 m - 3 scrolls of teleportation {@r3}
 o - 2 scrolls of fog
 D - a scroll of torment
 I - a scroll of fear
Potions
 g - a potion of haste {unknown}
Comestibles
 h - 2 chunks of flesh
 q - 19 rations {@e1}


   Skills:
 + Level 11.4(8.9) Fighting
 * Level 12.2(9.7) Long Blades
 - Level 1.8(0.0) Throwing
 + Level 12.5(9.9) Dodging


You had 12 spell levels left.
You didn't know any spells.
Your spell library contained the following spells:

 Spells                   Type           Power        Failure   Level  Hunger
 Sandblast                Erth           #.....       54%         1    ##.....
 Passwall                 Tmut/Erth      #.......     69%         2    ###....
 Stone Arrow              Conj/Erth      #.....       89%         3    ####...
 Petrify                  Tmut/Erth      #.......     100%        4    #####..
 Lee's Rapid Deconstruct  Erth           #.........   100%        5    ######.
 Corona                   Hex            Unusable     N/A         1    N/A
 Slow                     Hex            Unusable     N/A         2    N/A
 Inner Flame              Hex/Fire       Unusable     N/A         3    N/A
 Portal Projectile        Hex/Tloc       Unusable     N/A         3    N/A
 Cause Fear               Hex            Unusable     N/A         4    N/A
 Leda's Liquefaction      Hex/Erth       Unusable     N/A         4    N/A

Dungeon Overview and Level Annotations

Branches:
Dungeon (11/15)            Temple (1/1) D:7            Lair (5/6) D:9
 Shoals (0/4) Lair:2       Spider (0/4) Lair:2
  Slime: Lair:5-6       Orc: D:9-12

Altars:
Ashenzari
Cheibriados
Dithmenos
Elyvilon
Fedhas
Gozag
Hepliaklqana
Kikubaaqudgha
Makhleb
Nemelex Xobeh
Okawaru
Qazlal
Ru
Vehumet
Xom
Zin
The Shining One

Shops:
D:3 *   D:4 [

Annotations:
D:6 1 runed translucent door, exclusion: statue, Crazy Yiuf
D:9 1 transporter, Lickle's ghost, novice DsAK


Innate Abilities, Weirdness & Mutations

You have sharp toenails.
You have an unnaturally thin skeletal structure. (Dex +6, Stealth++)
You are frail. (-10% HP)
You sometimes gain a little power by taking damage.
When hurt, damage is shared between your health and your magic reserves.
You cannot study or use magical devices.
You cannot train Armour skill.
You cannot study or cast Fire magic.
You cannot study or cast Hexes magic.
You cannot study or cast Summoning magic.


Message History

* * * LOW HITPOINT WARNING * * *
The entropy weaver completely misses you.
The entropy weaver hits you but does no damage.
You barely miss the entropy weaver.
The entropy weaver is heavily wounded.
The entropy weaver hits you!
* * * LOW HITPOINT WARNING * * *
You focus on the pain.
You feel your power returning. The entropy weaver misses you.
The entropy weaver closely misses you. The entropy weaver hits you!
* * * LOW HITPOINT WARNING * * *
You focus your will and illuminate the entropy weaver in retribution!
You're too exhausted to draw out your power.
The entropy weaver begins to cast a spell, but is stunned by your will!
The entropy weaver is no longer blind.
You feel less exhausted. The entropy weaver hits you!
* * * LOW HITPOINT WARNING * * *
The entropy weaver hits you!
You die...

..........##.##
..#.......P..# #.##.......#
.# #####.P.......>## ..#
#.........#÷#...#### ...
.........###......P# #.. .
.......†<.###....>.##.# .. #
..###....###...#..#.# ... #
##.####....@.#.###....###...
#
#.#.........a..###.....#....
# .....P.......P....###....#
. .
...........#PP...####...## .
. .........######....#....P#
.. .
...........###.#..†#...P###..
.
..#.###.....##.......P...#...
. # ##
#......##...##......... #
###...##....#P.........


You could see an entropy weaver.

Vanquished Creatures
  Snorg (Lair:5)
  Josephine (Lair:5)
  A hydra (Lair:4)
  Erica (Lair:2)
  4 death yaks (Lair:4)
  2 merfolk sirens (Lair:2)
  6 elephants
  8 black mambas
  5 spiny frogs
  A rime drake (Lair:4)
  4 komodo dragons
  A polar bear (Lair:1)
  A merfolk (Lair:2)
  15 blink frogs
  Prince Ribbit (D:9)
  3 hippogriffs
  2 wraiths (Lair:5)
  3 wyverns
  29 yaks
  A basilisk (Lair:3)
  11 water moccasins
  6 soldier ants
  8 porcupines
  5 orc warriors
  5 ice beasts
  A black bear (Lair:1)
  5 ogres
  10 wolves
  5 crocodiles
  2 centaurs
  Blork the orc (D:4)
  14 bullfrogs
  2 scorpions
  10 killer bees
  An electric eel (Lair:1)
  8 howler monkeys
  3 crimson imps
  6 orc priests
  3 hounds
  7 jellies (Lair:3)
  6 iguanas
  5 orc wizards
  3 centaur skeletons
  Jessica (D:2)
  3 bullfrog skeletons
  Natasha (D:2)
  17 worker ants
  Terence (D:3)
  A killer bee zombie (D:7)
  A bullfrog simulacrum (D:9)
  A hound zombie (D:5)
  4 hound skeletons
  3 gnolls (D:4)
  2 howler monkey skeletons
  13 adders
  A shadow imp (D:5)
  3 white imps (D:9)
  15 oozes
  3 adder zombies
  2 adder skeletons
  5 worms
  4 dart slugs
  6 leopard geckos
  26 orcs
  5 giant cockroaches
  6 goblins
  3 hobgoblins
  5 jackals (D:5)
  11 kobolds
  4 quokkas
  A ball python (D:5)
  3 bats (D:1)
  A frilled lizard (D:5)
  2 goblin skeletons (D:6)
  2 goblin zombies (D:6)
  2 hobgoblin zombies (D:6)
  2 kobold zombies (D:6)
  A leopard gecko skeleton (D:4)
  2 orc skeletons (D:6)
  An orc zombie (D:6)
  4 rats
  A fungus (Lair:5)
  2 plants (Lair:5)
388 creatures vanquished.

Vanquished Creatures (others)
  A merfolk (Lair:2)
  A slime creature (Lair:3)
  A wraith (Lair:5)
  A basilisk (Lair:5)
  A yak (Lair:5)
  A bullfrog (Lair:2)
  A killer bee (D:8)
  21 fungi
  5 plants
33 creatures vanquished.

Grand Total: 421 creatures vanquished

Notes
Turn   | Place    | Note
-------+----------+-------------------------------------------
     0 | D:1      | vatarom the Demonspawn Gladiator began the quest for the
                  | Orb.
     0 | D:1      | Reached XP level 1. HP: 16/16 MP: 1/1
   109 | D:1      | Gained mutation: You have sharp toenails. [demonic
                  | ancestry]
   109 | D:1      | Reached XP level 2. HP: 17/22 MP: 2/2
  1128 | D:2      | Noticed Jessica
  1234 | D:2      | Noticed Natasha
  1236 | D:2      | Killed Jessica
  1236 | D:2      | Reached XP level 3. HP: 21/28 MP: 3/3
  1249 | D:2      | Killed Natasha
  1249 | D:2      | Reached XP level 4. HP: 20/34 MP: 4/4
  1451 | D:2      | Found a sparkling altar of Nemelex Xobeh.
  1842 | D:3      | Reached skill level 1 in Armour
  1952 | D:3      | Noticed Terence
  1963 | D:3      | Reached XP level 5. HP: 21/41 MP: 2/5
  2114 | D:4      | Found Qintyxzaa's Armour Emporium.
  2154 | D:3      | Found Zin's Purification Station.
  2156 | D:3      | Found a glowing silver altar of Zin.
  2190 | D:3      | Found a burning altar of Makhleb.
  2734 | D:3      | Killed Terence
  2998 | D:4      | Reached skill level 5 in Long Blades
  3016 | D:4      | Noticed Blork the orc
  3033 | D:4      | Reached XP level 6. HP: 41/47 MP: 6/6
  3046 | D:4      | Killed Blork the orc
  3948 | D:5      | Entered Level 5 of the Dungeon
  3956 | D:5      | Gained mutation: You sometimes gain a little power by
                  | taking damage. [demonic ancestry]
  3956 | D:5      | Reached XP level 7. HP: 40/52 MP: 5/7
  5155 | D:6      | Found a radiant altar of Vehumet.
  5161 | D:6      | Reached skill level 5 in Armour
  5366 | D:6      | Gained mutation: When hurt, damage is shared between your
                  | health and your magic reserves. [demonic ancestry]
  5366 | D:6      | Reached XP level 8. HP: 21/58 MP: 5/8
  5630 | D:6      | Found a blossoming altar of Fedhas.
  5909 | D:6      | Found a glowing golden altar of the Shining One.
  6034 | D:6      | Found a runed translucent door.
  6035 | D:6      | Noticed Crazy Yiuf
  6187 | D:6      | Found an opulent altar of Gozag.
  6668 | D:7      | Found a staircase to the Ecumenical Temple.
  6692 | Temple   | Entered the Ecumenical Temple
  6904 | Temple   | Became a worshipper of Ru the Awakened
  6967 | D:7      | Reached skill level 5 in Fighting
  7096 | D:7      | Found an opulent altar of Gozag.
  7394 | D:7      | Gained mutation: You have a somewhat thin skeletal
                  | structure. (Dex +2, Stealth) [demonic ancestry]
  7394 | D:7      | Reached XP level 9. HP: 58/68 MP: 7/9
  8318 | D:8      | Found a stormy altar of Qazlal.
  8495 | D:8      | You fall through a shaft for 3 floors!
  8511 | D:11     | Gained mutation: You cannot study or cast Fire magic. [Ru
                  | sacrifice]
  8511 | D:11     | Gained mutation: You cannot study or cast Hexes magic. [Ru
                  | sacrifice]
  8511 | D:11     | Gained mutation: You cannot study or cast Summoning magic.
                  | [Ru sacrifice]
  8511 | D:11     | Reached * piety under Ru
  8697 | D:10     | Entered Level 10 of the Dungeon
  8930 | D:9      | Found a staircase to the Lair.
  8948 | D:9      | Reached skill level 5 in Dodging
  8973 | D:9      | Noticed Prince Ribbit
  8992 | D:9      | Killed Prince Ribbit
  9122 | D:9      | Reached XP level 10. HP: 63/79 MP: 10/10
  9309 | D:9      | Found a transporter.
  9334 | D:9      | Noticed a manticore
  9340 | D:9      | Noticed Lickle's ghost (novice DsAK)
  9341 | D:9      | Noticed a moth of wrath
  9349 | D:9      | Noticed a gargoyle
 10787 | D:8      | Gained mutation: You are frail. (-10% HP) [Ru sacrifice]
 10787 | D:8      | Reached ** piety under Ru
 10787 | D:8      | Reached *** piety under Ru
 11362 | D:9      | Noticed a skeletal warrior
 11633 | Lair:1   | Entered Level 1 of the Lair of Beasts
 11694 | Lair:1   | Noticed a spiny frog
 11710 | Lair:1   | Killed a spiny frog
 11788 | Lair:1   | Reached skill level 10 in Long Blades
 11825 | Lair:1   | HP: 3/73 [yak (11)]
 11853 | Lair:1   | Gained mutation: You have a moderately thin skeletal
                  | structure. (Dex +4, Stealth+) [demonic ancestry]
 11853 | Lair:1   | Reached XP level 11. HP: 27/78 MP: 6/11
 12951 | Lair:1   | HP: 4/80 [polar bear (5)]
 13703 | Lair:2   | Noticed an orb spider
 13704 | Lair:2   | Found a hole to the Spider Nest.
 13761 | Lair:2   | Noticed Erica
 13784 | Lair:2   | Reached skill level 10 in Dodging
 13789 | Lair:2   | Killed Erica
 14008 | Lair:2   | Gained mutation: You cannot train Armour skill. [Ru
                  | sacrifice]
 14008 | Lair:2   | Reached **** piety under Ru
 14090 | Lair:2   | Found a staircase to the Shoals.
 14133 | Lair:2   | Reached skill level 10 in Fighting
 14136 | Lair:2   | Gained mutation: You have an unnaturally thin skeletal
                  | structure. (Dex +6, Stealth++) [demonic ancestry]
 14136 | Lair:2   | Reached XP level 12. HP: 18/87 MP: 2/12
 15370 | Lair:3   | Noticed a six-headed hydra
 16217 | Lair:3   | HP: 3/87 [black mamba (6)]
 16218 | Lair:3   | HP: 1/87 [poisoned by a black mamba]
 17812 | Lair:4   | Noticed a death yak
 17815 | Lair:4   | Noticed a death yak
 17815 | Lair:4   | Noticed a death yak
 17816 | Lair:4   | Noticed a death yak
 17837 | Lair:4   | Killed a death yak
 17855 | Lair:4   | Killed a death yak
 17859 | Lair:4   | Killed a death yak
 17866 | Lair:4   | Killed a death yak
 18203 | Lair:4   | Gained mutation: You cannot study or use magical devices.
                  | [Ru sacrifice]
 18203 | Lair:4   | Reached ***** piety under Ru
 19169 | Lair:5   | Noticed a seven-headed hydra
 19668 | Lair:5   | Noticed Josephine
 19680 | Lair:5   | Killed Josephine
 19680 | Lair:5   | Reached XP level 13. HP: 56/95 MP: 8/13
 20460 | Lair:5   | Noticed Snorg
 20473 | Lair:5   | Killed Snorg
 20906 | Lair:5   | Noticed an entropy weaver
 20939 | Lair:5   | HP: 2/95 [entropy weaver (5)]
 20939 | Lair:5   | Mangled by an entropy weaver

Skill      XL: |  1  2  3  4  5  6  7  8  9 10 11 12 13 |
---------------+----------------------------------------+-----
Long Blades    | 3 4 5 6 8 9 10 11 12 | 12.2
Fighting       | 3 5 7 8 10 11 | 11.4
Armour         | 1 2 3 5 0 |  0.0
Dodging        | 5 8 10 12 | 12.5
Throwing       | |  1.8

Action                   |  1- 3 |  4- 6 |  7- 9 | 10-12 | 13-15 || total
-------------------------+-------+-------+-------+-------+-------++-------
Melee: Long sword        |    48 |   168 |   116 |       |       ||   332
       Kick              |     7 |    65 |    64 |       |       ||   136
       Falchion          |       |       |   257 |   861 |   151 ||  1269
Throw: Throwing net      |       |     2 |     1 |     2 |     2 ||     7
Invok: Sacrifice Arcana  |       |       |     1 |       |       ||     1
       Draw Out Power    |       |       |       |    11 |     4 ||    15
       Sacrifice Health  |       |       |       |     1 |       ||     1
       Power Leap        |       |       |       |     3 |     1 ||     4
       Sacrifice Durabil |       |       |       |     1 |       ||     1
       Sacrifice Artific |       |       |       |     1 |       ||     1
       Apocalypse        |       |       |       |       |     1 ||     1
Evoke: Wand              |       |       |     3 |    21 |       ||    24
  Use: Scroll            |     2 |     5 |     2 |    14 |     5 ||    28
       Potion            |       |     1 |       |     6 |       ||     7
 Stab: Sleeping          |     1 |     1 |     6 |     8 |       ||    16
       Distracted        |       |     1 |     3 |     8 |     1 ||    13
       Held in net/web   |       |     1 |     1 |     6 |     1 ||     9
       Confused          |       |       |       |     5 |       ||     5
       Invisible         |       |       |       |    15 |    13 ||    28
       Paralysed         |       |       |       |     3 |     3 ||     6
  Eat: Chunk             |     1 |     6 |     6 |    14 |     2 ||    29
       Ration            |       |     1 |     3 |     6 |     2 ||    12
Armor: Leather armour    |    10 |    42 |     8 |       |       ||    60
       Ring mail         |       |       |   108 |   194 |    86 ||   388
       Skin              |       |       |       |     7 |       ||     7
Dodge: Dodged            |    35 |   110 |   207 |   710 |   256 ||  1318
       Rpst.: Long sword |    16 |    29 |    18 |       |       ||    63
       Falchion          |       |       |    54 |   184 |    72 ||   310
